cohdb
Replays
Latest Replays
All Replays
Popular Replays
Top Player Replays
Match Explorer
How It Works
Community
CoH3 Stats
Reddit
Sign in to upload your games and track your stats! →
Sign in with Steam
Match 26962339
Unlisted
Match 26962339
Overview
Messages
Build Orders
End
Construct Barracks
Selects Advanced Infantry Battlegroup
1⁄4-ton 4x4 Truck
Riflemen Squad
M1 Mortar Team
Riflemen Squad
Riflemen Squad
Mechanized Support Center
Selects Artillery Observers
Selects Artillery Observers
Construct Medical Station
Construct Medical Station
Construct Motor Pool
M24 Chaffee Light Tank
Selects M2A1 105mm Howitzer Emplacement
M1 Anti-tank Gun Team
M1918 Browning Automatic Rifles
M1 Anti-tank Gun Team
Engineer Squad
OriGummy
Lionel23
Zepher
我叫季伯常
Kasix
Former painter charge !
neurotypical cattle
Masterlu888
0
0
Comments
sign in to comment!
No comments posted yet!